Map: NeoHumanity LE

Players

matt

  • Race: Protoss Protoss
  • League: Platinum
  • Spawn Location: 11:00

VOD

Have the link to the VOD?

Description

Time

  • Played on: Jan. 29, 2023, 11:30 a.m.
  • Length: 7:01
Show
View Real Time Build Order
Export as new Build Order

matt Protoss 

Build Orders:  

Get SALT Encoding   

  12  0:04  Probe (Chrono Boost)  
  14  0:21  Probe (Chrono Boost)  
  14  0:27  Pylon  
  14  0:38  Probe (Chrono Boost)  
  15  0:52  Assimilator  
  15  0:55  Probe (Chrono Boost)  
  15  0:56  Gateway  
  17  1:12  Probe (Chrono Boost)  
  17  1:13  Assimilator  
  17  1:28  Probe (Chrono Boost)  
  18  1:45  Probe (Chrono Boost)  
  18  1:49  Assimilator  
  19  2:03  Cybernetics Core  
  19  2:12  Probe (Chrono Boost)  
  20  2:24  Nexus  
  21  2:31  Probe (Chrono Boost)  
  21  2:48  Probe (Chrono Boost)  
  22  3:00  Twilight Council  
  22  3:09  Pylon  
  22  3:15  Probe (Chrono Boost)  
  23  3:26  Stalker (Chrono Boost)  
  23  3:33  Pylon  
  23  3:39  Probe (Chrono Boost)  
  26  3:56  Probe  
  27  4:01  Dark Shrine  
  27  4:17  Warp Gate  
  27  4:21  Robotics Facility  
  27  4:23  Gateway  
  27  4:26  Probe  
  28  4:44  Gateway  
  28  4:49  Probe  
  31  5:01  Stalker (Chrono Boost)  
  31  5:06  Probe  
  32  5:16  Warp Prism (Chrono Boost)  
  32  5:21  Pylon  
  34  6:27  Dark Templar x3  
Tags
 
Add a new tag
Caveats
  • Supply blocks, unpowered buildings, or Contaminate may cause inaccurate times.
  • Supply counts are checked every 10 seconds.